 Dungeon Crawl Stone Soup version 0.28.0-53-g5a82cb258f (webtiles) character file.

Game seed: 8286959708341285367

186 Zeld the Conjurer (level 5, -5/28 HPs)
             Began as a Gargoyle Conjurer on May 31, 2022.
             Slain by an ogre
             ... wielding a +0 giant club
              (26 damage)
             ... on level 3 of the Dungeon.
             The game lasted 00:05:41 (4340 turns).

Zeld the Conjurer (Gargoyle Conjurer)               Turns: 4340, Time: 00:05:41

Health: -5/28      AC:  6    Str: 10    XL:     5   Next: 66%
Magic:  4/11       EV: 11    Int: 21    God:
Gold:   127        SH:  0    Dex:  8    Spells: 1/12 levels left

rFire   . . .      SeeInvis .   (no weapon)
rCold   . . .      Faith    .   (no shield)
rNeg    + . .      Spirit   .   a - +0 robe
rPois   ∞          Reflect  .   (no helmet)
rElec   +          Harm     .   (no cloak)
rCorr   .          Rampage  .   (no gloves)
Will    .....                   (no boots)
Stlth   ++........              (no amulet)
HPRegen 0.09/turn               (no ring)
MPRegen 0.12/turn               (no ring)

@: very slightly contaminated
A: sickness immunity, AC +4, negative energy resistance 1, electricity
resistance, torment resistance 1, petrification resistance
a: no special abilities


You were on level 3 of the Dungeon.
You visited 1 branch of the dungeon, and saw 4 of its levels.

You collected 127 gold pieces.

Inventory:

Missiles
 r - 42 arrows
 s - 11 bolts
Armour
 a - a +0 robe (worn)
 t - quicksilver dragon scales
Wands
 n - a wand of flame (19)
Scrolls
 b - a scroll of amnesia {unknown}
 c - a scroll of immolation {unknown}
 f - a scroll of brand weapon {unknown}
 h - a scroll of vulnerability {unknown}
 i - a scroll of blinking {unknown}
 k - 4 scrolls of identify {unknown}
 m - 2 scrolls of fear {unknown}
 o - a scroll of fog {unknown}
 p - a scroll of teleportation {unknown}
 q - a scroll of enchant weapon {unknown}
Potions
 d - a potion of curing
 e - a potion of heal wounds {unknown}
 g - a potion of attraction {unknown}
 j - a potion of degeneration {unknown}
 l - a potion of might {unknown}


   Skills:
 - Level 1.5 Dodging
 - Level 2.1 Stealth
 * Level 4.3 Spellcasting
 + Level 5.5 Conjurations
 + Level 0.2 Hexes
 + Level 0.2 Translocations


You had one spell level left.
You knew the following spells:

 Your Spells              Type           Power      Damage    Failure   Level
a - Magic Dart            Conj           100%       1d8       1%          1
b - Searing Ray           Conj           54%        2d6       1%          2
c - Fulminant Prism       Conj/Hex       8%         3d7       34%         4
d - Iskenderun's Mystic   Conj/Tloc      16%        2d5       34%         4

Your spell library contained the following spells:

 Spells                   Type           Power      Damage    Failure   Level
 Dazzling Flash           Conj/Hex       32%        N/A       11%         3
 Blink                    Tloc           10%        N/A       16%         2
 Confusing Touch          Hex            5%         N/A       32%         3
 Manifold Assault         Tloc           5%         N/A       96%         5
 Yara's Violent Unravell  Hex/Tmut       2%         3d3       97%         5
 Enfeeble                 Hex            2%         N/A       100%        7
 Storm Form               Tmut/Air       2%         N/A       100%        7


Dungeon Overview and Level Annotations

Branches:
Dungeon (4/15)
 Temple: D:4-7

Altars:
Vehumet

Annotations:
D:4 Menkaure


Innate Abilities, Weirdness & Mutations

You are immune to sickness and miasma.
Your stone body is resilient. (AC +4)
You are immune to poison.
You resist negative energy. (rN+)
You are resistant to electric shocks. (rElec)
You are resistant to unholy torment.
You are immune to petrification.


Message History

Aim: an ogre, wielding a +0 giant club (90% to hit)
The searing ray hits the ogre.
The ogre is lightly wounded. (Press . to maintain the ray.)
The searing ray hits the ogre.
The ogre is heavily wounded.
Menkaure mumbles some strange words.
Menkaure seems to speed up.
The searing ray hits the ogre.
The ogre is severely wounded.
A kobold comes into view. It is wielding a +1 whip of venom.
The kobold throws a stone.
The stone closely misses you.
You climb upwards.
There is a stone staircase leading down here.
Casting: Searing Ray (safe; 1% risk of failure)
Confirm with . or Enter, or press ? or * to list all spells.
The spell is potentially lethal to miscast (34% risk of failure)!
Continue anyway?
You miscast Iskenderun's Mystic Blast.
You are very lightly contaminated with residual magic.
Sparks fly from your hands! The ogre misses you.
Casting: Iskenderun's Mystic Blast (potentially lethal; 34% risk of failure)
Confirm with . or Enter, or press ? or * to list all spells.
The spell is potentially lethal to miscast (34% risk of failure)!
Continue anyway?
You erupt in a blast of force!
The mystic blast hits the ogre.
The ogre is almost dead.
The ogre is knocked back by the mystic blast.
Unknown command.
Your magical contamination has completely faded away.
Casting: Iskenderun's Mystic Blast (potentially lethal; 34% risk of failure)
Confirm with . or Enter, or press ? or * to list all spells.
Aiming: Searing Ray (safe; 1% risk of failure)
Press: ? - help, Shift-Dir - straight line, f - ogre
Aim: an ogre, wielding a +0 giant club (severely wounded, 90% to hit)
You miscast Searing Ray.
You are very lightly contaminated with residual magic.
Nothing appears to happen.
Unknown command.
The ogre hits you with a +0 giant club!!
Ouch! That really hurt!
You die...

..[....#.#.#.#.....###..#.#......
.................................
...................######.#......
...................# #....)...
..................##### ##.......
.#.#.#................####.####.#
.....#......#########...##.# ##.#
.#.#..#......##########....###...
...............O@...##.......#...
.#.#..........#####..........#...
..............#..............#...
.#.#............#.#.#............
.................................
.#..........(.>.#.#.#....#.......
.#...............................
.##.............#.#.#..#.....#...
..###........................#...


You could see an ogre.

Vanquished Creatures
  Jessica (D:3)
  Natasha (thrice) (D:3)
  An adder (D:2)
  2 worms
  11 ball pythons
  8 endoplasms
  5 giant cockroaches
  A goblin (D:1)
  2 hobgoblins
  5 jackals (D:1)
  4 kobolds
  3 quokkas
  12 bats
  5 frilled lizards
  10 rats
73 creatures vanquished.

Vanquished Creatures (others)
  A plant (D:1)
1 creature vanquished.

Grand Total: 74 creatures vanquished

Notes
Turn   | Place    | Note
-------+----------+-------------------------------------------
     0 | D:1      | Zeld the Gargoyle Conjurer began the quest for the Orb.
     0 | D:1      | Reached XP level 1. HP: 10/10 MP: 3/3
   209 | D:1      | Reached XP level 2. HP: 15/15 MP: 3/5
   272 | D:1      | Learned a level 2 spell: Searing Ray
   655 | D:1      | Found a faded altar of an unknown god.
   718 | D:1      | Reached XP level 3. HP: 19/19 MP: 2/7
  2361 | D:2      | Found a radiant altar of Vehumet.
  2535 | D:2      | Reached skill level 5 in Conjurations
  2688 | D:2      | Reached XP level 4. HP: 24/24 MP: 6/9
  3332 | D:3      | Noticed Natasha
  3340 | D:3      | Killed Natasha
  3381 | D:3      | Noticed Natasha
  3386 | D:3      | Killed Natasha
  3387 | D:3      | Reached XP level 5. HP: 20/28 MP: 3/11
  3406 | D:3      | Noticed Natasha
  3414 | D:3      | Killed Natasha
  3859 | D:3      | Learned a level 4 spell: Fulminant Prism
  3864 | D:3      | Learned a level 4 spell: Iskenderun's Mystic Blast
  4132 | D:3      | Noticed Jessica
  4136 | D:3      | Killed Jessica
  4278 | D:4      | Noticed Menkaure
  4278 | D:4      | Noticed an ogre
  4340 | D:3      | Slain by an ogre

Illustrated notes

Levels and vault maps discovered:
D:1:      dpeg_arrival_boxes_within_box, layout_basic,
          shapermc_ecumenical_altar_mp_highgroup, serial_glass, glass_columns_c,
          glass_columns_a, serial_bayou_pond_b
D:2:      layout_basic, basic_altar, minmay_randomly_rotated_circles
D:3:      layout_rooms, serial_glass, glass_columns_b, glass_columns_c,
          glass_columns_c, glass_columns_c, glass_columns_a, glass_columns_a,
          glass_columns_a, glass_columns_a, glass_columns_a, glass_columns_b,
          uniq_jessica, uniq_natasha
D:4:      layout_basic, serial_corexii_hall, chequers_hall_statues_corner_a,
          chequers_hall_statues_wall_a, kennysheep_generic_room_9, uniq_menkaure

Skill      XL: |  1  2  3  4 |
---------------+-------------+-----
Spellcasting   | 3 4 |  4.3
Conjurations   | 5 |  5.5
Dodging        | |  1.5
Stealth        | |  2.1
Hexes          | |  0.2
Translocations | |  0.2

Action                   |  1- 3 |  4- 6 || total
-------------------------+-------+-------++-------
Melee: Unarmed           |    24 |     2 ||    26
       Punch             |     1 |       ||     1
 Cast: Magic Dart        |    31 |    16 ||    47
       Searing Ray       |    27 |    19 ||    46
       Iskenderun's Myst |       |     1 ||     1
Armor: Robe              |    18 |     7 ||    25
Dodge: Dodged            |    36 |    12 ||    48
